 Dungeon Crawl Stone Soup version 0.30-a0-996-ga6910c8ee8 (webtiles) character file.

Game seed: 9984178394928150256

5378 OrthodoxDeviant the Fighter (level 10, 0/88 HPs)
             Began as a Demonspawn Berserker on Apr 4, 2023.
             Was a High Priest of Trog.
             Slain by an orc
             ... wielding a +0 hand axe
              (3 damage)
             ... on level 8 of the Dungeon.
             The game lasted 00:37:22 (11726 turns).

OrthodoxDeviant the Fighter (Demonspawn Berserker) Turns: 11726, Time: 00:37:23

Health: 0/88       AC: 13    Str: 28    XL:     10   Next: 39%
Magic:  0/10       EV:  7    Int:  8    God:    Trog [*****.]
Gold:   657        SH:  0    Dex: 13    Spells: 9/9 levels left

rFire   . . .      SeeInvis .    J - +0 battleaxe
rCold   . . .      Faith    +    (shield currently unavailable)
rNeg    . . .      Spirit   +    F - +0 plate armour
rPois   .          Reflect  .    (no helmet)
rElec   .          Rampage  .    H - +0 cloak
rCorr   .                        (no gloves)
Will    .....                    (no boots) Stlth
                                 f - amulet of faith
HPRegen 0.34/turn                s - +6 ring of strength
MPRegen 0.24/turn                (no ring)

@: on berserk cooldown, slowed, very slow
A: thin metallic scales 1, powered by death 1, magic shield, magic regeneration
a: Renounce Religion, Berserk, Trog's Hand, Brothers in Arms


You were on level 8 of the Dungeon.
You worshipped Trog.
Trog was extremely pleased with you.
You visited 1 branch of the dungeon, and saw 8 of its levels.
You also visited: Ossuary.

You collected 657 gold pieces.

Inventory:

Hand Weapons
 J - a +0 battleaxe (weapon)
Missiles
 B - 9 javelins (quivered)
Armour
 A - the +1 leather armour of the Evil One {rPois Dex+2 Stlth+}
   (You found it on level 5 of the Dungeon)

   Dex:       It affects your dexterity (+2).
   rPois:     It protects you from poison.
   Stlth:     It makes you more stealthy.
 F - a +0 plate armour (worn)
 H - a +0 cloak (worn)
Jewellery
 f - an amulet of faith (around neck)
 m - an amulet of regeneration
 s - a +6 ring of strength (left hand)
 y - an amulet of magic regeneration
Wands
 g - a wand of charming (5)
 k - a wand of iceblast (29)
 E - a wand of light (20)
Scrolls
 d - 4 scrolls of poison
 h - a scroll of amnesia
 j - 2 scrolls of magic mapping
 n - a scroll of brand weapon {unknown}
 u - a scroll of noise
 v - a scroll of immolation
 z - 2 scrolls of identify
 D - a scroll of silence
 I - a scroll of enchant armour
Potions
 b - 3 potions of might {unknown}
 c - 9 potions of curing
 e - a potion of resistance {unknown}
 i - 2 potions of berserk rage {unknown}
 l - a potion of lignification {unknown}
 o - 6 potions of flight
 p - 3 potions of attraction {unknown}
 q - 5 potions of degeneration
 r - 2 potions of invisibility
 t - 3 potions of haste {unknown}
 w - 2 potions of mutation {unknown}
 x - 2 potions of cancellation {unknown}
 C - a potion of heal wounds {unknown}
 G - 3 potions of brilliance {unknown}


   Skills:
 + Level 11.4 Fighting
 + Level 10.5 Axes
 - Level 1.7 Armour
 - Level 1.7 Dodging


You had 9 spell levels left.
You didn't know any spells.
Your spell library was empty.

Dungeon Overview and Level Annotations

Branches:
Dungeon (8/15)             Temple (0/1) D:6         Ossuary (visited)
   Lair: D:8-11

Altars:
Cheibriados
Dithmenos
Fedhas
Gozag
Wu Jian

Shops:
D:7 [


Innate Abilities, Weirdness & Mutations

You are partially covered in thin metallic scales. (AC +2)
You regenerate a little health from kills.
When hurt, damage is shared between your health and your magic reserves.
You regenerate magic rapidly.


Message History

You slash the orc warrior!
You feel a strong urge to attack something.
You slash the orc warrior!
The orc warrior is severely wounded.
The orc warrior hits you with a +2 scimitar of holy wrath!
You convulse!
* * * LOW HITPOINT WARNING * * *
You slash the orc warrior!
You kill the orc warrior!
Trog accepts your kill.
You are no longer berserk.
You are exhausted.
You feel yourself slow down.
You slash the orc warrior!
The orc warrior is heavily wounded.
The orc warrior hits you with a +0 battleaxe.
* * * LOW HITPOINT WARNING * * *
You barely miss the orc warrior.
The orc warrior is heavily wounded.
You barely miss the orc. The orc barely misses you.
The orc warrior completely misses you. The orc hits you but does no damage.
Unknown command.
You hit the orc warrior but do no damage.
The orc warrior is heavily wounded.
You barely miss the orc.
The orc warrior hits you but does no damage.
The orc hits you but does no damage.
The orc warrior hits you with a +0 battleaxe!
* * * LOW HITPOINT WARNING * * *
The orc hits you but does no damage.
You barely miss the orc warrior.
The orc warrior is heavily wounded.
You hit the orc.
The orc warrior hits you with a +0 battleaxe!
* * * LOW HITPOINT WARNING * * *
The orc hits you but does no damage.
The orc warrior hits you with a +0 battleaxe.
* * * LOW HITPOINT WARNING * * *
The orc hits you with a +0 hand axe.
You die...

########### #.###.###.##
#.........# ##.###.#.....
#.###'###.#######...##.#.###.
#.#.....#.........#......# #.
#.#.....#.#.#####...##...###.
#.#.._..#...######.###..)....
#.#.....#.##)................
#.#.....#.)oo..........#.#.##
#.#######..#@#########)#.#...
#........o##.# ##### #[#.####
#...#.###.##.###...###[#.###
##....# #.##.##.###.##<#...#
#.######.##....# #.##.###.#
#. ##...####.###.##.# #.# #.
#.....# ##...###.# #.#
#.....# ##.## #"# #.# #.....#
#<####.# #.#


You could see an orc warrior and an orc.

Vanquished Creatures
  Pikel (D:6)
  A polar bear (D:8)
  Grinder (D:4)
  A wyvern (D:8)
  3 yaks (D:8)
  2 steam dragons
  A water moccasin (D:8)
  2 orc warriors
  A sky beast (D:7)
  3 ice beasts
  2 ogres
  A wolf (D:8)
  2 centaurs
  A phantom (D:5)
  4 lemures (D:6)
  A kobold brigand (D:7)
  3 bullfrogs
  A gnoll sergeant (D:6)
  4 scorpions
  2 water moccasin zombies (Ossuary)
  6 wights
  5 killer bees (D:8)
  2 howler monkeys
  8 hounds
  2 lava snakes (D:7)
  Crazy Yiuf (D:7)
  4 orc priests
  2 jellies
  An iron imp (D:3)
  Jessica (D:2)
  8 iguanas
  3 orc wizards
  A centaur simulacrum (D:8)
  2 mummies (Ossuary)
  4 gnolls
  11 adders
  5 white imps
  A howler monkey simulacrum (D:8)
  2 ufetubi
  8 adder zombies (Ossuary)
  A worm (D:2)
  2 dart slugs
  30 orcs
  6 ball pythons
  6 endoplasms
  7 giant cockroaches
  9 hobgoblins
  8 jackals
  4 kobolds
  2 quokkas
  6 bats
  3 frilled lizards
  8 gnoll zombies (Ossuary)
  4 goblins
  3 hobgoblin zombies (Ossuary)
  6 kobold zombies (Ossuary)
  3 orc zombies (Ossuary)
  10 rats
232 creatures vanquished.

Vanquished Creatures (collateral kills)
  A wyvern simulacrum (D:8)
1 creature vanquished.

Vanquished Creatures (others)
  A howler monkey (D:7)
  An orc (D:6)
2 creatures vanquished.

Grand Total: 235 creatures vanquished

Notes
Turn   | Place    | Note
-------+----------+-------------------------------------------
     0 | D:1      | OrthodoxDeviant the Demonspawn Berserker began the quest
                  | for the Orb.
     0 | D:1      | Reached XP level 1. HP: 18/18 MP: 1/1
   134 | D:1      | Gained mutation: You are partially covered in thin metallic
                  | scales. (AC +2) [demonic ancestry]
   134 | D:1      | Reached XP level 2. HP: 24/24 MP: 2/2
   330 | D:1      | Reached ** piety under Trog
   614 | D:2      | Reached XP level 3. HP: 29/29 MP: 3/3
   693 | D:2      | Found an opulent altar of Gozag.
  1168 | D:2      | Noticed Jessica
  1180 | D:2      | Killed Jessica
  1181 | D:2      | Reached skill level 4 in Fighting
  1181 | D:2      | Reached XP level 4. HP: 32/37 MP: 4/4
  1615 | D:3      | Reached *** piety under Trog
  2003 | D:3      | Found a snail-covered altar of Cheibriados.
  2020 | D:3      | Gained mutation: You regenerate a little health from kills.
                  | [demonic ancestry]
  2020 | D:3      | Reached XP level 5. HP: 32/43 MP: 5/5
  2295 | D:3      | Found a shadowy altar of Dithmenos.
  2605 | D:4      | Noticed Grinder
  2649 | D:4      | Paralysed by Grinder for 5 turns
  2659 | D:4      | Killed Grinder
  2660 | D:4      | Reached skill level 5 in Fighting
  2660 | D:4      | Reached skill level 5 in Axes
  2660 | D:4      | Reached XP level 6. HP: 15/51 MP: 6/6
  2865 | D:4      | Found a sand-covered staircase.
  2874 | Ossuary  | Entered an ossuary
  2990 | Ossuary  | Reached **** piety under Trog
  3003 | Ossuary  | Reached skill level 6 in Fighting
  3003 | Ossuary  | Gained mutation: You regenerate magic rapidly. [demonic
                  | ancestry]
  3003 | Ossuary  | Reached XP level 7. HP: 56/58 MP: 7/7
  4511 | D:5      | Entered Level 5 of the Dungeon
  4867 | D:5      | Reached skill level 7 in Fighting
  5008 | D:5      | Reached ***** piety under Trog
  5009 | D:5      | Reached XP level 8. HP: 64/67 MP: 8/8
  5048 | D:5      | Identified the +1 leather armour of the Evil One {rPois
                  | Dex+2 Stlth+}
  6760 | D:6      | Reached skill level 8 in Fighting
  7329 | D:6      | Found a staircase to the Ecumenical Temple.
  7634 | D:6      | Noticed Pikel
  8144 | D:6      | Gained mutation: When hurt, damage is shared between your
                  | health and your magic reserves. [demonic ancestry]
  8144 | D:6      | Reached XP level 9. HP: 64/75 MP: 9/9
  8275 | D:6      | Reached skill level 9 in Fighting
  8814 | D:6      | Killed Pikel
  9034 | D:7      | Reached skill level 10 in Fighting
  9570 | D:7      | Found Mejiakko's Antique Armour Shop.
  9624 | D:7      | Found a runed translucent door.
  9625 | D:7      | Noticed Crazy Yiuf
  9781 | D:7      | Found a blossoming altar of Fedhas.
  9837 | D:7      | Killed Crazy Yiuf
  9995 | D:8      | Noticed a polar bear
 10023 | D:8      | Killed a polar bear
 10223 | D:8      | Reached XP level 10. HP: 59/86 MP: 8/10
 10300 | D:8      | Reached skill level 10 in Axes
 10344 | D:8      | HP: 4/86 [centaur/arrow (5)]
 10666 | D:8      | Reached skill level 11 in Fighting
 10881 | D:8      | Found an ornate altar of the Wu Jian Council.
 11726 | D:8      | HP: 3/88 [orc warrior/+0 battleaxe (3)]
 11726 | D:8      | Slain by an orc

Illustrated notes

Levels and vault maps discovered:
D:1:      amcnicky_arrival_choice, layout_rooms, minmay_hexomino_p4
D:2:      layout_basic, basic_altar, serial_bayou_crossing, uniq_jessica
D:3:      layout_basic, grunt_dithmenos_smoke_and_mirrors, slow_altar_1,
          nicolae_overflow_crystal_walls, minmay_liquid_box
D:4:      layout_basic, serial_glass, glass_columns_a, glass_columns_c,
          glass_columns_b, glass_columns_c, glass_columns_b, glass_columns_a,
          enter_ossuary_3, uniq_grinder
D:5:      layout_layer_cave
D:6:      layout_loops_ring, minmay_temple_entry_trees, uniq_pikel
D:7:      layout_loops_ring, nicolae_overflow_two_pavilions, serial_shops, shop,
          minmay_starry_boxes, uniq_crazy_yiuf_cottage
D:8:      layout_loops_ring, amcnicky_altar_gilded, serial_ice, serial_ice_a,
          serial_ice_g, serial_ice_k, serial_ice_o, serial_ice_e, serial_ice_h,
          serial_ice_d, serial_ice_c

Skill      XL: |  1  2  3  4  5  6  7  8  9 10 |
---------------+-------------------------------+-----
Axes           | 3 4 5 6 8 9 10 | 10.5
Fighting       | 4 5 6 7 8 10 11 | 11.4
Armour         | |  1.7
Dodging        | |  1.7

Action                     |  1- 3 |  4- 6 |  7- 9 | 10-12 || total
---------------------------+-------+-------+-------+-------++-------
  Melee: Hand axe          |   129 |   208 |   687 |   131 ||  1155
         Punch             |     1 |     1 |     2 |       ||     4
         Battleaxe         |       |       |       |    20 ||    20
  Throw: Javelin           |       |       |    11 |     1 ||    12
 Invoke: Berserk           |       |     1 |     9 |     5 ||    15
         Brothers in Arms  |       |       |       |     1 ||     1
    Use: Scroll            |     4 |       |     8 |     3 ||    15
         Potion            |       |       |       |     4 ||     4
   Stab: Sleeping          |       |       |     2 |       ||     2
 Armour: Animal skin       |     7 |       |       |       ||     7
         Chain mail        |    56 |   146 |   128 |       ||   330
         Leather armour    |       |       |    18 |       ||    18
         Plate armour      |       |       |   123 |    69 ||   192
  Dodge: Dodged            |    54 |    99 |   244 |    51 ||   448

Table legend: (Time is in decaauts)
 A = Elapsed time spent in this place.
 B = Non-inter-level travel time spent in this place.
 C = Inter-level travel time spent in this place.
 D = Time resting spent in this place.
 E = Time spent auto-exploring this place.
 F = Levels seen in this place.
 G = Mean time per level.
                   A        B        C        D        E       F      G
               +--------+--------+--------+--------+--------+-----+--------+
         Total |  11860 |  10810 |   1050 |   1767 |   6556 |   9 | 1317.8 |
       Dungeon |  11335 |  10285 |   1050 |   1624 |   6432 |   8 | 1416.9 |
       Ossuary |    524 |    524 |      0 |    143 |    124 |   1 |  524.0 |
               +--------+--------+--------+--------+--------+-----+--------+

Top non-repeatable levels by time:
     D:5: 2343 daAuts
     D:6: 1879 daAuts
     D:4: 1600 daAuts
     D:7: 1539 daAuts
     D:8: 1436 daAuts
     D:3: 1000 daAuts
     D:2: 944 daAuts
     D:1: 590 daAuts
 Ossuary: 524 daAuts
